 Dungeon Crawl Stone Soup version 0.21-a0-251-g5e8393f (webtiles) character file.

602 pokedragonboy the Chopper (level 7, -1/61 HPs)
             Began as a Hill Orc Fighter on Sept 5, 2017.
             Was an Initiate of Beogh.
             Slain by a centaur (4 damage)
             ... on level 6 of the Dungeon.
             The game lasted 00:08:43 (4292 turns).

pokedragonboy the Chopper (Hill Orc Fighter)        Turns: 4292, Time: 00:08:43

Health: -1/61      AC: 10    Str: 20    XL:     7   Next: 41%
Magic:  9/9        EV:  7    Int:  8    God:    Beogh [......]
Gold:   355        SH:  9    Dex: 11    Spells: 6/6 levels left

rFire    . . .     SeeInvis .   a - +1 war axe
rCold    . . .     Gourm    .   c - +0 shield
rNeg     . . .     Faith    .   b - +0 scale mail
rPois    .         Spirit   .   (no helmet)
rElec    .         Reflect  .   t - +0 cloak
rCorr    .         Harm     .   e - +0 pair of gloves
MR       .....                  (no boots)
Stlth    ..........             (no amulet)
HPRegen  0.20/turn              (no ring)
MPRegen  0.11/turn              (no ring)

@: no status effects
A: no striking features
a: Renounce Religion


You were on level 6 of the Dungeon.
You worshipped Beogh.
Beogh was noncommittal.
You were very hungry.

You visited 1 branch of the dungeon, and saw 6 of its levels.

You collected 355 gold pieces.

Inventory:

Hand Weapons
 a - a +1 war axe (weapon)
Armour
 b - a +0 scale mail (worn)
 c - a +0 shield (worn)
 e - a +0 pair of gloves (worn)
 t - a +0 cloak (worn)
Jewellery
 x - an uncursed ring of fire {unknown}
Scrolls
 g - a scroll of blinking {unknown}
 j - a scroll of enchant weapon
 n - 4 scrolls of identify
 o - a scroll of immolation {unknown}
 r - a scroll of fog
 u - 2 scrolls of enchant armour {unknown}
 w - 3 scrolls of remove curse {unknown}
 y - a scroll of noise {unknown}
Potions
 d - a potion of might
 i - a potion of lignification
 m - 4 potions of curing
 p - a potion of magic {unknown}
 q - 3 potions of agility {unknown}
 s - a potion of heal wounds {unknown}
 v - a potion of berserk rage {unknown}
Comestibles
 f - 2 bread rations
 h - 2 meat rations
 k - 2 royal jellies
 l - 3 fruits


   Skills:
 + Level 5.6 Fighting
 + Level 6.6 Axes
 + Level 5.5 Armour
 - Level 3.2 Shields
 * Level 3.6 Invocations


You had 6 spell levels left.
You didn't know any spells.

Dungeon Overview and Level Annotations

Branches:
Dungeon (6/15)
 Temple: D:4-7

Altars:
Gozag

Shops:
D:3 *


Message History

The bullfrog is severely wounded.
You slash the centaur! You hit the iguana. The bullfrog hits you.
* * * LOW HITPOINT WARNING * * *
The centaur barely misses you. You block the iguana's attack.
The bullfrog completely misses you. The centaur barely misses you.
Unknown command.
Your shield and scale mail prevent you from hitting the bullfrog.
The bullfrog is severely wounded.
You barely miss the centaur.
Your scale mail prevents you from hitting the iguana.
The bullfrog hits you but does no damage.
The centaur hits you but does no damage.
You block the iguana's attack. You block the bullfrog's attack.
The centaur hits you!
* * * LOW HITPOINT WARNING * * *
You barely miss the bullfrog.
The bullfrog is severely wounded.
You barely miss the iguana. You hit the centaur. The iguana barely misses you.
You block the bullfrog's attack. The centaur hits you.
You die...

# #. ###.#### #......#
#########
#......########........
#....c@.(..............
......Fl########........
#.......# #......†.
#.......# ###......
#.......# #......
#.......# #......
#.####### #...... #.
#...... #......


You could see a bullfrog, a centaur and an iguana.

Vanquished Creatures
  A sky beast (D:6)
  A phantom (D:5)
  A bullfrog (D:5)
  A howler monkey (D:4)
  A crimson imp (D:5)
  A bullfrog skeleton (D:6)
  5 worker ants
  Terence (D:2)
  4 adders
  A shadow imp (D:5)
  4 worms
  A dart slug (D:1)
  3 leopard geckos
  5 orcs
  A ball python (D:1)
  8 bats
  4 giant cockroaches
  4 goblins
  10 hobgoblins
  3 jackals (D:5)
  10 kobolds
  2 quokkas
  8 frilled lizards
  2 quokka skeletons
  10 rats
92 creatures vanquished.

Vanquished Creatures (others)
  An orc wizard (D:4)
  An orc priest (D:4)
  An adder (D:4)
3 creatures vanquished.

Grand Total: 95 creatures vanquished

Notes
Turn   | Place    | Note
-------+----------+-------------------------------------------
     0 | D:1      | pokedragonboy the Hill Orc Fighter began the quest for the Orb.
     0 | D:1      | Reached XP level 1. HP: 19/19 MP: 1/1
    58 | D:1      | Reached skill level 3 in Axes
    86 | D:1      | Reached XP level 2. HP: 19/27 MP: 2/2
   488 | D:1      | Reached skill level 4 in Axes
   488 | D:1      | Reached XP level 3. HP: 33/33 MP: 3/3
   532 | D:1      | You fall through a shaft!
  1183 | D:2      | Reached XP level 4. HP: 40/40 MP: 4/4
  1229 | D:2      | Noticed Terence
  1245 | D:2      | Killed Terence
  1340 | D:2      | Found a faded altar of an unknown god.
  1606 | D:3      | Reached skill level 5 in Axes
  1634 | D:3      | Found an opulent altar of Gozag.
  1636 | D:3      | Found Gozag's Platinum Reserve.
  1678 | D:3      | Reached XP level 5. HP: 47/47 MP: 5/5
  2187 | D:4      | Became a worshipper of Beogh the Brigand
  2742 | D:4      | Reached skill level 5 in Fighting
  2742 | D:4      | Reached XP level 6. HP: 35/56 MP: 6/6
  3121 | D:5      | Entered Level 5 of the Dungeon
  3129 | D:5      | Reached skill level 5 in Armour
  3278 | D:5      | Reached skill level 6 in Axes
  3452 | D:5      | Reached skill level 1 in Invocations
  3783 | D:5      | Noticed a phantom
  3828 | D:5      | Killed a phantom
  3828 | D:5      | Reached XP level 7. HP: 32/61 MP: 7/9
  4291 | D:6      | HP: 3/61 [centaur (7)]
  4292 | D:6      | Slain by a centaur

Vault maps used:
D:1:      mrwooster_arrival_statue_2
D:2:      chequers_ecumenical_altar_simple_redux, kennysheep_generic_room_15,
          uniq_terence
D:3:      first_bread, nicolae_gozag_zags_fifth_avenue
D:4:      kennysheep_diamond
D:6:      uniq_eustachio

Skill      XL: |  1  2  3  4  5  6  7 |
---------------+----------------------+-----
Axes           | 3 4 5 6 |  6.6
Fighting       | 4 5 |  5.6
Armour         | 4 5 |  5.5
Invocations    | 2 3 |  3.6
Shields        | |  3.2

Action                   |  1- 3 |  4- 6 |  7- 9 || total
-------------------------+-------+-------+-------++-------
Melee: War axe           |   148 |   182 |    25 ||   355
Invok: Convert to Beogh  |       |     1 |       ||     1
  Use: Scroll            |       |     4 |       ||     4
  Eat: Chunk             |     1 |     9 |       ||    10
Armor: Scale mail        |    69 |    80 |    18 ||   167
Dodge: Dodged            |    45 |    33 |    18 ||    96
Block: Shield            |    75 |    81 |    19 ||   175

Table legend:
 A = Spawn XP
 B = Non-spawn XP
 C = Spawn XP percentage of total XP
 D = Spawn monster count
 E = Non-spawn monster count
 F = Spawn count percentage of total count
 G = Total turns spent on level
                    A         B        C        D         E        F      G
               +---------+---------+-------+---------+---------+-------+---------
         Total |      94 |     766 |  10.9 |      16 |      76 |  17.4 |  4292
               +---------+---------+-------+---------+---------+-------+---------
           D:1 |       7 |      50 |  12.3 |       4 |      28 |  12.5 |   945
           D:2 |       1 |      76 |   1.3 |       1 |      21 |   4.5 |   561
           D:3 |       6 |      58 |   9.4 |       2 |       8 |  20.0 |   401
           D:4 |      52 |     136 |  27.7 |       3 |       8 |  27.3 |  1214
           D:5 |      28 |     280 |   9.1 |       6 |       9 |  40.0 |  1021
           D:6 |       0 |     166 |   0.0 |       0 |       2 |   0.0 |   150
               +---------+---------+-------+---------+---------+-------+---------
